 Dungeon Crawl Stone Soup version 0.22.1-2-g9c5b331383 (webtiles) character file.

23380 RUZZLEFAZAZZLE the Blocker (level 13, -1/103 HPs)
             Began as a Gnoll Fighter on Nov 20, 2018.
             Was a High Priest of Okawaru.
             Killed from afar by an orc sorcerer (23 damage)
             ... with a bolt of negative energy
             ... on level 2 of the Orcish Mines on Nov 21, 2018.
             The game lasted 00:49:39 (11464 turns).

RUZZLEFAZAZZLE the Blocker (Gnoll Fighter)         Turns: 11464, Time: 00:49:40

Health: -1/103     AC: 23    Str: 23    XL:     13   Next: 6%
Magic:  0/22       EV: 11    Int: 11    God:    Okawaru [*****.]
Gold:   416        SH: 13    Dex: 17    Spells: 27/27 levels left

rFire    . . .     SeeInvis .   G - +1 war axe (flame)
rCold    + + .     Gourm    .   c - +1 shield
rNeg     . . .     Faith    .   U - +5 plate armour {rC+}
rPois    .         Spirit   +   (no helmet)
rElec    .         Reflect  .   T - scarf {Spirit}
rCorr    .         Harm     .   F - +2 pair of gloves
MR       +....                  v - +0 pair of boots
Stlth    ..........             q - amulet of regeneration
HPRegen  0.67/turn              B - ring of attention (curse)
MPRegen  0.18/turn              P - ring of protection from cold

@: heavily drained
A: distributed training, fangs 1, repulsion field 1, agile 1, low mp 1, magic
resistance 1, strong nose
a: Heroism, Finesse, Renounce Religion


You were on level 2 of the Orcish Mines.
You worshipped Okawaru.
Okawaru was extremely pleased with you.
You were not hungry.

You visited 3 branches of the dungeon, and saw 13 of its levels.
You visited the Abyss 1 time.

You collected 1696 gold pieces.
You spent 1280 gold pieces at shops.

Inventory:

Hand Weapons
 s - a +2 whip of holy wrath
 w - a +3 hand axe
 y - a +3 long sword
 C - a +4 quarterstaff of chaos
 E - a +2 short sword of speed
 G - a +1 war axe of flaming (weapon)
 H - a cursed +4 great sword of freezing
 I - a cursed +3 halberd
 S - a +1 great sword of slicing
Missiles
 O - 5 silver javelins (quivered)
Armour
 c - a +1 shield (worn)
 e - a +2 helmet of see invisible
 h - a +2 cloak
 v - a +0 pair of boots (worn)
 F - a +2 pair of gloves (worn)
 T - a scarf of spirit shield (worn)
 U - a +5 plate armour of cold resistance (worn)
Jewellery
 q - an amulet of regeneration (around neck)
 B - a cursed ring of attention (left hand)
 D - an uncursed amulet of rage
 P - a ring of protection from cold (right hand)
Wands
 a - a wand of polymorph (4)
 b - a wand of digging (13)
 d - a wand of clouds (5)
 i - a wand of disintegration (17)
 l - a wand of flame (29)
 A - a wand of iceblast (4)
 K - a wand of paralysis (16)
Scrolls
 m - 3 scrolls of fear
 o - a scroll of magic mapping
 p - 3 scrolls of remove curse
 x - 3 scrolls of teleportation
 M - 2 scrolls of identify
Potions
 j - 3 potions of flight
 k - 5 potions of curing
 n - 3 potions of brilliance
 t - a potion of invisibility
 u - 2 potions of heal wounds
 z - 4 potions of haste
 J - a potion of might
Miscellaneous
 Q - a lamp of fire
 R - a phial of floods
Comestibles
 f - 27 rations
 L - 33 chunks of flesh


   Skills:
 + Level 10.1(8.3) Fighting
 + Level 7.7(6.0) Short Blades
 + Level 7.7(6.0) Long Blades
 + Level 9.1(7.3) Axes
 + Level 7.7(6.0) Maces & Flails
 + Level 7.7(6.0) Polearms
 + Level 7.7(6.0) Staves
 + Level 7.7(6.0) Slings
 + Level 7.7(6.0) Bows
 + Level 7.7(6.0) Crossbows
 + Level 7.7(6.0) Throwing
 + Level 10.1(8.3) Armour
 + Level 7.7(6.0) Dodging
 + Level 7.7(6.0) Stealth
 + Level 10.1(8.3) Shields
 + Level 7.7(6.0) Unarmed Combat
 + Level 7.7(6.0) Spellcasting
 + Level 6.4(4.7) Conjurations
 + Level 6.4(4.7) Hexes
 + Level 6.4(4.7) Charms
 + Level 6.4(4.7) Summonings
 + Level 6.4(4.7) Necromancy
 + Level 6.4(4.7) Translocations
 + Level 6.4(4.7) Transmutations
 + Level 6.4(4.7) Fire Magic
 + Level 6.4(4.7) Ice Magic
 + Level 6.4(4.7) Air Magic
 + Level 6.4(4.7) Earth Magic
 + Level 6.4(4.7) Poison Magic
 + Level 8.5(6.7) Invocations
 + Level 7.7(6.0) Evocations


You had 27 spell levels left.
You didn't know any spells.
Your spell library contained the following spells:

 Spells                   Type           Power        Failure   Level  Hunger
 Pain                     Necr           ##..         65%         1    None


Dungeon Overview and Level Annotations

Branches:
Dungeon (10/15)            Temple (1/1) D:7            Lair (0/6) D:8
    Orc (2/2) D:10            Elf (0/3) Orc:2

Altars:
Ashenzari
Cheibriados
Dithmenos
Elyvilon
Fedhas
Gozag
Hepliaklqana
Kikubaaqudgha
Makhleb
Nemelex Xobeh
Okawaru
Qazlal
Ru
Sif Muna
Trog
Uskayaw
Vehumet
Wu Jian
Xom
Yredelemnul
Zin
The Shining One
Beogh
Lugonu

Shops:
D:6 =   Orc:2 [?


Innate Abilities, Weirdness & Mutations

Your experience applies equally to all skills.
You have very sharp teeth.
Your uncanny sense of smell can sniff out nearby items.
You are surrounded by a mild repulsion field. (EV +2)
You are agile. (Dex +2)
Your magical capacity is low. (-10% MP)
You are resistant to hostile enchantments. (MR+)


Message History

The orc sorcerer gestures at you while chanting.
The bolt of negative energy hits you!
You feel drained.
* * * LOW HITPOINT WARNING * * *
Your plate armour prevents you from hitting the orc sorcerer.
The orc sorcerer is almost dead.
You block the orc sorcerer's attack.
You hit the orc sorcerer. You burn the orc sorcerer.
The orc sorcerer is almost dead.
The orc sorcerer hits you but does no damage.
You slash the orc sorcerer! You burn the orc sorcerer.
You kill the orc sorcerer!
Okawaru accepts your kill.
You slash the orc wizard! You burn the orc wizard.
You kill the orc wizard!
Okawaru accepts your kill.
You hit the orc sorcerer. You burn the orc sorcerer.
The orc sorcerer is lightly wounded.
The orc sorcerer gestures at you while chanting.
The bolt of negative energy hits you!
You feel drained.
You die...

'....≈≈≈.8###
#_....#.8.........###≈
.#.....'........§§...#≈
.8.....#..≈≈≈.))≈≈§..##≈
.......#####§.)#####.8#≈
#......#####≈..)≈§§..##≈
#......≈≈≈#≈....§...#≈≈
....##...o)...#≈.))...###§#
§8...#..§§@..8#≈...####≈§§#
§....#..§##...#≈..).≈≈≈§§§≈
≈≈...'..≈##...#≈§...)..)§..
8..'..≈##..∩#≈.§8)).)))..
..'.§≈##...#≈§.....).)..
..#..§##...#≈....≈≈≈≈≈≈≈ .
#.§≈§...8#≈...####≈≈≈#
##...§....#≈......###§#
##......≈≈≈#≈.....)..#≈≈


You could see an orc sorcerer.

Vanquished Creatures
  An orc warlord (Orc:1)
  Harold (D:9)
  The ghost of Ge0ff the Martial Artist, a journeyman OpMo of Elyvilon (Orc:1)
  A two-headed ogre (D:9)
  An ogre mage (Orc:2)
  Nergalle (D:10)
  An unseen horror (D:10)
  Pikel (D:8)
  8 orc sorcerers
  2 centaur skeletons (D:10)
  A troll (Orc:1)
  2 hornets (D:9)
  Grinder (D:4)
  3 hippogriffs
  A wyvern (D:8)
  18 yaks
  Grum (D:8)
  Eustachio (D:5)
  3 wargs (D:8)
  The ghost of Ivernyr the Chiller, an amateur VSIE (D:3)
  21 orc warriors
  5 ice beasts
  A swamp drake (D:10)
  2 eyes of draining (D:7)
  4 phantoms
  2 necrophages (D:9)
  3 sky beasts
  7 centaurs
  10 ogres
  2 wolves
  A crocodile (D:9)
  4 big kobolds
  3 bullfrogs
  A water moccasin skeleton (D:8)
  5 scorpions
  10 killer bees
  12 wights
  A howler monkey (D:8)
  4 crimson imps
  A centaur zombie (D:8)
  A jelly (D:5)
  3 bullfrog zombies
  27 orc priests
  9 hounds
  Crazy Yiuf (D:5)
  35 orc wizards
  4 iguanas
  4 worker ants
  A hound skeleton (D:8)
  3 worker ant zombies
  A gnoll (D:1)
  5 adders
  A shadow imp (D:3)
  An ooze (D:3)
  An adder zombie (D:10)
  2 adder skeletons
  2 worms
  6 leopard geckos
  80 orcs
  2 ball pythons
  8 bats
  3 giant cockroaches
  6 hobgoblins
  5 jackals
  2 quokkas
  A frilled lizard (D:4)
  A giant cockroach zombie (D:5)
  6 goblins
  17 kobolds
  A quokka skeleton (D:5)
  4 rats
392 creatures vanquished.

Vanquished Creatures (others)
  An orc wizard (Orc:2)
  2 orcs
  A jackal skeleton (D:8)
4 creatures vanquished.

Grand Total: 396 creatures vanquished

Notes
Turn   | Place    | Note
-------+----------+-------------------------------------------
     0 | D:1      | RUZZLEFAZAZZLE the Gnoll Fighter began the quest for the
                  | Orb.
     0 | D:1      | Reached XP level 1. HP: 23/23 MP: 1/1
    93 | D:1      | Reached XP level 2. HP: 25/29 MP: 2/2
   460 | D:1      | Reached XP level 3. HP: 19/35 MP: 3/3
  1141 | D:2      | Reached skill level 1 in Invocations
  1438 | D:3      | Reached skill level 1 in Short Blades
  1438 | D:3      | Reached skill level 1 in Long Blades
  1438 | D:3      | Reached skill level 1 in Maces & Flails
  1438 | D:3      | Reached skill level 1 in Polearms
  1438 | D:3      | Reached skill level 1 in Staves
  1438 | D:3      | Reached skill level 1 in Slings
  1438 | D:3      | Reached skill level 1 in Bows
  1438 | D:3      | Reached skill level 1 in Crossbows
  1438 | D:3      | Reached skill level 1 in Throwing
  1438 | D:3      | Reached skill level 1 in Dodging
  1438 | D:3      | Reached skill level 1 in Stealth
  1438 | D:3      | Reached skill level 1 in Unarmed Combat
  1438 | D:3      | Reached skill level 1 in Spellcasting
  1438 | D:3      | Reached skill level 1 in Evocations
  1438 | D:3      | Reached XP level 4. HP: 37/41 MP: 5/5
  1463 | D:3      | Found an iron altar of Okawaru.
  1478 | D:3      | Became a worshipper of Warmaster Okawaru
  1653 | D:3      | Found a hazy altar of Hepliaklqana.
  1690 | D:3      | Reached skill level 1 in Conjurations
  1690 | D:3      | Reached skill level 1 in Hexes
  1690 | D:3      | Reached skill level 1 in Charms
  1690 | D:3      | Reached skill level 1 in Summonings
  1690 | D:3      | Reached skill level 1 in Necromancy
  1690 | D:3      | Reached skill level 1 in Translocations
  1690 | D:3      | Reached skill level 1 in Transmutations
  1690 | D:3      | Reached skill level 1 in Fire Magic
  1690 | D:3      | Reached skill level 1 in Ice Magic
  1690 | D:3      | Reached skill level 1 in Air Magic
  1690 | D:3      | Reached skill level 1 in Earth Magic
  1690 | D:3      | Reached skill level 1 in Poison Magic
  1765 | D:3      | Found a runed gate.
  1770 | D:3      | Found a runed gate.
  1770 | D:3      | Found a runed gate.
  1770 | D:3      | Noticed Ivernyr's ghost (amateur VSIE)
  1773 | D:3      | Noticed a big kobold
  1777 | D:3      | Cast into level 1 of the Abyss (big kobold)
  1829 | D:3      | Escaped the Abyss
  1831 | D:3      | Killed a big kobold
  1831 | D:3      | Reached XP level 5. HP: 36/47 MP: 5/7
  1838 | D:3      | Killed Ivernyr's ghost
  1838 | D:3      | Reached * piety under Okawaru
  1838 | D:3      | Reached XP level 6. HP: 38/53 MP: 5/8
  2232 | D:4      | Reached skill level 5 in Axes
  2282 | D:4      | Reached XP level 7. HP: 39/59 MP: 10/10
  2387 | D:4      | Reached ** piety under Okawaru
  2504 | D:4      | Noticed Grinder
  2550 | D:4      | Killed Grinder
  2608 | D:4      | Reached XP level 8. HP: 33/67 MP: 12/12
  2693 | D:4      | Found a shattered altar of Ashenzari.
  2727 | D:5      | Entered Level 5 of the Dungeon
  2943 | D:5      | Noticed Eustachio
  2970 | D:5      | Killed Eustachio
  3018 | D:5      | Reached *** piety under Okawaru
  3111 | D:5      | Found a runed door.
  3198 | D:5      | Found a blossoming altar of Fedhas.
  4226 | D:5      | Noticed Crazy Yiuf
  4234 | D:5      | Killed Crazy Yiuf
  4350 | D:6      | Reached XP level 9. HP: 68/72 MP: 14/14
  4366 | D:6      | Found Mem Nuve's Jewellery Shop.
  4618 | D:6      | Found a shadowy altar of Dithmenos.
  4782 | D:6      | Found a shimmering altar of Xom.
  4783 | D:6      | Found a burning altar of Makhleb.
  5351 | D:7      | Reached **** piety under Okawaru
  5568 | D:7      | Found a bloodstained altar of Trog.
  5583 | D:7      | Reached skill level 5 in Invocations
  5673 | D:7      | Reached XP level 10. HP: 80/80 MP: 11/17
  5743 | D:7      | Found a staircase to the Ecumenical Temple.
  5752 | Temple   | Entered the Ecumenical Temple
  5865 | D:7      | Found a glowing golden altar of the Shining One.
  6125 | D:8      | Found a basalt altar of Yredelemnul.
  6140 | D:8      | Reached skill level 5 in Short Blades
  6140 | D:8      | Reached skill level 5 in Long Blades
  6140 | D:8      | Reached skill level 5 in Maces & Flails
  6140 | D:8      | Reached skill level 5 in Polearms
  6140 | D:8      | Reached skill level 5 in Staves
  6140 | D:8      | Reached skill level 5 in Slings
  6140 | D:8      | Reached skill level 5 in Bows
  6140 | D:8      | Reached skill level 5 in Crossbows
  6140 | D:8      | Reached skill level 5 in Throwing
  6140 | D:8      | Reached skill level 5 in Dodging
  6140 | D:8      | Reached skill level 5 in Stealth
  6140 | D:8      | Reached skill level 5 in Unarmed Combat
  6140 | D:8      | Reached skill level 5 in Spellcasting
  6140 | D:8      | Reached skill level 5 in Evocations
  6250 | D:8      | Reached ***** piety under Okawaru
  6250 | D:8      | Received a gift from Okawaru
  6304 | D:8      | Noticed Grum
  6440 | D:8      | Killed Grum
  6501 | D:8      | Gained mutation: You have sharp toenails. [potion of
                  | mutation]
  6501 | D:8      | Gained mutation: Your magical capacity is low. (-10% MP)
                  | [potion of mutation]
  6501 | D:8      | Gained mutation: You have sharp fingernails. [potion of
                  | mutation]
  6502 | D:8      | Lost mutation: You have sharp toenails. [potion of
                  | mutation]
  6502 | D:8      | Lost mutation: Your magical capacity is low. (-10% MP)
                  | [potion of mutation]
  6502 | D:8      | Lost mutation: You have sharp fingernails. [potion of
                  | mutation]
  6502 | D:8      | Gained mutation: You are resistant to hostile enchantments.
                  | (MR+) [potion of mutation]
  6502 | D:8      | Gained mutation: You are agile. (Dex +2) [potion of
                  | mutation]
  6502 | D:8      | Gained mutation: Your magical capacity is low. (-10% MP)
                  | [potion of mutation]
  6502 | D:8      | Gained mutation: You are surrounded by a mild repulsion
                  | field. (EV +2) [potion of mutation]
  6541 | D:8      | Noticed Pikel
  6554 | D:8      | Killed Pikel
  6554 | D:8      | Received a gift from Okawaru
  6613 | D:8      | Found a staircase to the Lair.
  6983 | D:8      | Received a gift from Okawaru
  6983 | D:8      | Reached XP level 11. HP: 82/87 MP: 17/17
  7247 | D:9      | Noticed a two-headed ogre
  7260 | D:9      | Killed a two-headed ogre
  7558 | D:9      | Received a gift from Okawaru
  7568 | D:9      | Reached skill level 5 in Conjurations
  7568 | D:9      | Reached skill level 5 in Hexes
  7568 | D:9      | Reached skill level 5 in Charms
  7568 | D:9      | Reached skill level 5 in Summonings
  7568 | D:9      | Reached skill level 5 in Necromancy
  7568 | D:9      | Reached skill level 5 in Translocations
  7568 | D:9      | Reached skill level 5 in Transmutations
  7568 | D:9      | Reached skill level 5 in Fire Magic
  7568 | D:9      | Reached skill level 5 in Ice Magic
  7568 | D:9      | Reached skill level 5 in Air Magic
  7568 | D:9      | Reached skill level 5 in Earth Magic
  7568 | D:9      | Reached skill level 5 in Poison Magic
  7644 | D:9      | Received a gift from Okawaru
  7826 | D:9      | Found a stormy altar of Qazlal.
  7859 | D:9      | Found an opulent altar of Gozag.
  7860 | D:9      | Found a sacrificial altar of Ru.
  7860 | D:9      | Found a hide-covered altar of Uskayaw.
  8284 | D:9      | Noticed Harold
  8316 | D:9      | Killed Harold
  8546 | D:9      | Found an ancient bone altar of Kikubaaqudgha.
  8579 | D:9      | Identified Kikubaaqudgha's Handbook of Evil Arts
  8588 | D:9      | Found a deep blue altar of Sif Muna.
  8612 | D:9      | Found a radiant altar of Vehumet.
  8888 | D:10     | Entered Level 10 of the Dungeon
  8942 | D:10     | Received a gift from Okawaru
  9078 | D:10     | Noticed Nergalle
  9101 | D:10     | Killed Nergalle
  9101 | D:10     | Received a gift from Okawaru
  9101 | D:10     | Reached XP level 12. HP: 71/95 MP: 17/19
  9786 | D:10     | Found a staircase to the Orcish Mines.
  9840 | Orc:1    | Entered Level 1 of the Orcish Mines
  9840 | Orc:1    | Found a roughly hewn altar of Beogh.
  9876 | Orc:1    | Received a gift from Okawaru
  9877 | Orc:1    | Got a jewelled shortbow {god gift}
  9910 | Orc:1    | Noticed an orc warlord
  9955 | Orc:1    | Killed an orc warlord
 10354 | Orc:1    | Found a runed gate.
 10355 | Orc:1    | Found a runed gate.
 10356 | Orc:1    | Found a runed gate.
 10385 | Orc:1    | Noticed Ge0ff's ghost (journeyman OpMo)
 10429 | Orc:1    | Killed Ge0ff's ghost
 10641 | Orc:2    | Entered Level 2 of the Orcish Mines
 10878 | Orc:2    | Found a staircase to the Elven Halls.
 11248 | Orc:2    | Reached skill level 10 in Fighting
 11248 | Orc:2    | Reached skill level 10 in Armour
 11248 | Orc:2    | Reached skill level 10 in Shields
 11328 | Orc:2    | Found Zadghecw's Magic Scroll Shoppe.
 11345 | Orc:2    | Bought a scroll of brand weapon for 260 gold pieces
 11345 | Orc:2    | Bought a scroll of acquirement for 676 gold pieces
 11345 | Orc:2    | Bought a scroll of identify for 26 gold pieces
 11345 | Orc:2    | Bought a scroll of enchant armour for 97 gold pieces
 11345 | Orc:2    | Bought a scroll of identify for 26 gold pieces
 11375 | Orc:2    | Noticed an ogre mage
 11381 | Orc:2    | Paralysed by an orc sorcerer for 6 turns
 11390 | Orc:2    | Killed an ogre mage
 11397 | Orc:2    | Received a gift from Okawaru
 11397 | Orc:2    | Reached XP level 13. HP: 14/102 MP: 7/22
 11401 | Orc:2    | HP: 6/153 [poisoned by an orc sorcerer]
 11402 | Orc:2    | Found a radiant altar of Vehumet.
 11403 | Orc:2    | HP: 1/102 [poisoned by an orc sorcerer]
 11434 | Orc:2    | Found Jigrimp's Antique Armour Emporium.
 11452 | Orc:2    | Bought a runed helmet for 195 gold pieces
 11454 | Orc:2    | Found an ancient bone altar of Kikubaaqudgha.
 11464 | Orc:2    | Killed from afar by an orc sorcerer

Skill      XL: |  1  2  3  4  5  6  7  8  9 10 11 12 |
---------------+-------------------------------------+-----
Invocations    | 1 2 3 4 5 6 7 8 |  8.5
Short Blades   | 1 2 3 4 5 6 7 |  7.7
Long Blades    | 1 2 3 4 5 6 7 |  7.7
Maces & Flails | 1 2 3 4 5 6 7 |  7.7
Polearms       | 1 2 3 4 5 6 7 |  7.7
Staves         | 1 2 3 4 5 6 7 |  7.7
Slings         | 1 2 3 4 5 6 7 |  7.7
Bows           | 1 2 3 4 5 6 7 |  7.7
Crossbows      | 1 2 3 4 5 6 7 |  7.7
Throwing       | 1 2 3 4 5 6 7 |  7.7
Dodging        | 1 2 3 4 5 6 7 |  7.7
Stealth        | 1 2 3 4 5 6 7 |  7.7
Unarmed Combat | 1 2 3 4 5 6 7 |  7.7
Spellcasting   | 1 2 3 4 5 6 7 |  7.7
Evocations     | 1 2 3 4 5 6 7 |  7.7
Conjurations   | 1 2 3 4 5 6 |  6.4
Hexes          | 1 2 3 4 5 6 |  6.4
Charms         | 1 2 3 4 5 6 |  6.4
Summonings     | 1 2 3 4 5 6 |  6.4
Necromancy     | 1 2 3 4 5 6 |  6.4
Translocations | 1 2 3 4 5 6 |  6.4
Transmutations | 1 2 3 4 5 6 |  6.4
Fire Magic     | 1 2 3 4 5 6 |  6.4
Ice Magic      | 1 2 3 4 5 6 |  6.4
Air Magic      | 1 2 3 4 5 6 |  6.4
Earth Magic    | 1 2 3 4 5 6 |  6.4
Poison Magic   | 1 2 3 4 5 6 |  6.4
Axes           | 5 6 7 8 9 |  9.1
Fighting       | 7 8 9 10 | 10.1
Armour         | 7 8 9 10 | 10.1
Shields        | 7 8 9 10 | 10.1

Action                   |  1- 3 |  4- 6 |  7- 9 | 10-12 | 13-15 || total
-------------------------+-------+-------+-------+-------+-------++-------
Melee: War axe           |    76 |   101 |     7 |   125 |    19 ||   328
       Bite              |     8 |    10 |    52 |   196 |     3 ||   269
       Hand axe          |       |       |   376 |  1016 |       ||  1392
       Long sword        |       |       |     1 |       |       ||     1
Throw: Tomahawk          |       |       |     1 |       |       ||     1
Invok: Heroism           |       |       |     5 |    24 |       ||    29
       Finesse           |       |       |       |     4 |       ||     4
  Use: Scroll            |     1 |     6 |    12 |     8 |       ||    27
       Potion            |       |     1 |     1 |     5 |     3 ||    10
  Eat: Chunk             |     1 |     2 |     7 |     9 |       ||    19
       Ration            |       |     1 |     1 |     3 |       ||     5
Armor: Scale mail        |    38 |    39 |    26 |       |       ||   103
       Plate armour      |       |       |    94 |   390 |     6 ||   490
Dodge: Dodged            |    18 |    27 |    67 |   355 |     4 ||   471
Block: Shield            |    41 |    48 |   181 |   709 |     5 ||   984
       Rpst.: Long sword |       |       |     1 |       |       ||     1
